 Dungeon Crawl Stone Soup version 0.27.1-4-g1640c2035a (webtiles) character file.

Game seed: 11334875054941982995

289 MisterFreud the Skirmisher (level 6, -4/53 HPs)
             Began as a Gnoll Wanderer on Nov 6, 2021.
             Was a Priest of Nemelex Xobeh.
             Slain by a gnoll (13 damage)
             ... on level 5 of the Dungeon.
             The game lasted 00:06:59 (4233 turns).

MisterFreud the Skirmisher (Gnoll Wanderer)         Turns: 4233, Time: 00:07:00

Health: -4/53      AC:  3    Str:  8    XL:     6   Next: 31%
Magic:  14/14      EV: 12    Int: 17    God:    Nemelex Xobeh [***...]
Gold:   64         SH:  6    Dex: 11    Spells: 15/15 levels left

rFire    . . .     SeeInvis .   p - +1 hand axe (elec)
rCold    . . .     Faith    .   f - +2 buckler
rNeg     . . .     Spirit   .   d - +0 robe
rPois    .         Reflect  .   (no helmet)
rElec    .         Harm     .   (no cloak)
rCorr    .         Rampage  .   (no gloves)
Will     .....                  l - +0 pair of boots {Fly}
Stlth    +++.......             (no amulet)
HPRegen  0.17/turn              (no ring)
MPRegen  0.14/turn              (no ring)

@: flying
A: fangs 1, strong nose, distributed training
a: Renounce Religion, Draw Escape, Draw Destruction, Draw Summoning, Triple Draw


You were on level 5 of the Dungeon.
You worshipped Nemelex Xobeh.
Nemelex Xobeh was most pleased with you.
You visited 1 branch of the dungeon, and saw 5 of its levels.

You collected 187 gold pieces.
You spent 123 gold pieces at shops.

Inventory:

Hand Weapons
 a - a +0 spear
 e - a +0 dagger
 p - a +1 hand axe of electrocution (weapon)
Armour
 b - a +0 kite shield
 d - a +0 robe (worn)
 f - a +2 buckler (worn)
 l - a +0 pair of boots of flying (worn)
Wands
 g - a wand of polymorph (7)
Scrolls
 h - 3 scrolls of amnesia
Potions
 c - 2 potions of lignification
 j - a potion of ambrosia
 m - 2 potions of curing
 o - 2 potions of heal wounds {unknown}
Miscellaneous
 i - a piece from Xom's chessboard (15/15)


   Skills:
 + Level 6.8 Fighting
 + Level 1.9 Short Blades
 + Level 1.9 Long Blades
 + Level 1.9 Axes
 + Level 1.9 Maces & Flails
 + Level 3.2 Polearms
 + Level 1.9 Staves
 + Level 1.9 Slings
 + Level 1.9 Bows
 + Level 1.9 Crossbows
 + Level 1.9 Throwing
 + Level 1.9 Armour
 + Level 1.9 Dodging
 + Level 4.5 Stealth
 + Level 3.2 Shields
 + Level 1.9 Unarmed Combat
 + Level 5.3 Spellcasting
 + Level 1.5 Conjurations
 + Level 2.6 Hexes
 + Level 1.5 Summonings
 + Level 1.5 Necromancy
 + Level 1.5 Translocations
 + Level 1.5 Transmutations
 + Level 1.5 Fire Magic
 + Level 1.5 Ice Magic
 + Level 1.5 Air Magic
 + Level 1.5 Earth Magic
 + Level 1.5 Poison Magic
 + Level 2.1 Invocations
 + Level 1.9 Evocations


You had 15 spell levels left.
You didn't know any spells.
Your spell library contained the following spells:

 Spells                   Type           Power      Damage    Failure   Level
 Inner Flame              Hex/Fire       11%        N/A       21%         3
 Cause Fear               Hex            6%         N/A       45%         4
 Discord                  Hex            6%         N/A       100%        8


Dungeon Overview and Level Annotations

Branches:
Dungeon (5/15)             Temple (0/1) D:4

Altars:
Elyvilon
Nemelex Xobeh
Qazlal
Sif Muna
Xom
Yredelemnul
The Shining One

Shops:
D:1 [(=(


Innate Abilities, Weirdness & Mutations

You have very sharp teeth.
Your uncanny sense of smell can sniff out nearby items.
Your experience applies equally to all skills.


Message History

There are monsters nearby!
There are monsters nearby!
A gnoll comes into view. It is wielding a +0 whip.
A gnoll comes into view. It is wielding a +0 halberd.
The gnoll shaman shouts!
The gnoll shouts! x2
The gnoll barely misses you.
The gnoll shouts!
You hit the gnoll shaman.
The gnoll shaman is lightly wounded.
The gnoll shaman hits you with a +0 club!
The gnoll hits you from afar with a +0 halberd.
You slash the gnoll shaman!
Lightning courses through the gnoll shaman!
You kill the gnoll shaman!
You block the gnoll's attack.
The gnoll hits you from afar with a +0 halberd.
You slash the gnoll! You bite the gnoll, but do no damage.
The gnoll is heavily wounded.
You block the gnoll's attack. The gnoll misses you.
The gnoll closely misses you. The gnoll barely misses you.
The gnoll misses you.
Things that are here:
a +0 club; a +0 leather armour; a gnoll corpse The gnoll hits you with a +0 whip.
You block the gnoll's attack. x2
You hit the gnoll.
The gnoll is severely wounded.
The gnoll closely misses you. You block the gnoll's attack.
The gnoll hits you from afar with a +0 halberd!
You hit the gnoll but do no damage. Lightning courses through the gnoll!
You kill the gnoll!
The gnoll closely misses you. x2
The gnoll hits you with a +0 halberd! You block the gnoll's attack.
Things that are here:
a +0 club; a +0 leather armour; a gnoll corpse You barely miss the gnoll.
You hit the gnoll. The gnoll closely misses you. You block the gnoll's attack.
The gnoll hits you with a +0 halberd!
* * * LOW HITPOINT WARNING * * *
The gnoll hits you with a +0 halberd!
You die...
Your body glows slightly and disappears.

#..####.........#..#
## ##.....####...#
###..## ##....
##...####.....
##..........####
#.....##>.. #..#..#
#. #..##.)# #..#
#@## #... #gg# ##.#
#..# ## #..# #..#
.... .... ..##.


You could see 2 gnolls.

Vanquished Creatures
  A hound (D:5)
  An orc priest (D:5)
  A gnoll shaman (D:5)
  Ijyb (D:5)
  An orc wizard (D:5)
  A hound skeleton (D:4)
  A gnoll (D:5)
  5 adders
  An adder skeleton (D:4)
  A worm (D:2)
  A dart slug (D:5)
  3 orcs (D:5)
  4 endoplasms
  4 giant cockroaches
  4 goblins
  3 hobgoblins
  6 jackals
  3 quokkas
  5 ball pythons
  6 bats
  3 frilled lizards
  3 kobolds
  6 rats
  A spectral orc (D:3)
66 creatures vanquished.

Vanquished Creatures (collateral kills)
  An iguana (D:4)
1 creature vanquished.

Vanquished Creatures (others)
  A goblin (D:3)
1 creature vanquished.

Grand Total: 68 creatures vanquished

Notes
Turn   | Place    | Note
-------+----------+-------------------------------------------
     0 | D:1      | MisterFreud the Gnoll Wanderer began the quest for the Orb.
     0 | D:1      | MisterFreud set off with the following items: a +0 spear, a
                  | +0 kite shield, a potion of lignification, a +0 robe, a +0
                  | dagger
     0 | D:1      | Reached XP level 1. HP: 23/23 MP: 6/6
   144 | D:1      | Found a faded altar of an unknown god.
   148 | D:1      | Reached XP level 2. HP: 29/29 MP: 7/7
   163 | D:1      | Became a worshipper of Nemelex Xobeh the Trickster
   163 | D:1      | Reached * piety under Nemelex Xobeh
   163 | D:1      | Received a gift from Nemelex Xobeh
   260 | D:1      | Found Laurphoegg's Weapon Shoppe.
   260 | D:1      | Found Wame's Jewellery Shoppe.
   509 | D:1      | Found Houbb's Weapon Shop.
   748 | D:1      | Found Neank's Antique Armour Shoppe.
   845 | D:2      | Found a shimmering blue altar of Sif Muna.
   855 | D:2      | Reached XP level 3. HP: 34/35 MP: 9/9
   882 | D:2      | Reached skill level 5 in Spellcasting
   996 | D:2      | Reached skill level 1 in Invocations
  1473 | D:2      | Reached skill level 1 in Short Blades
  1473 | D:2      | Reached skill level 1 in Long Blades
  1473 | D:2      | Reached skill level 1 in Axes
  1473 | D:2      | Reached skill level 1 in Maces & Flails
  1473 | D:2      | Reached skill level 1 in Staves
  1473 | D:2      | Reached skill level 1 in Slings
  1473 | D:2      | Reached skill level 1 in Bows
  1473 | D:2      | Reached skill level 1 in Crossbows
  1473 | D:2      | Reached skill level 1 in Throwing
  1473 | D:2      | Reached skill level 1 in Armour
  1473 | D:2      | Reached skill level 1 in Dodging
  1473 | D:2      | Reached skill level 1 in Unarmed Combat
  1473 | D:2      | Reached skill level 1 in Evocations
  1473 | D:2      | Reached XP level 4. HP: 40/41 MP: 11/11
  1653 | D:3      | Reached ** piety under Nemelex Xobeh
  1669 | D:3      | Found a stormy altar of Qazlal.
  1865 | D:3      | Found a basalt altar of Yredelemnul.
  2087 | D:3      | Found a white marble altar of Elyvilon.
  2543 | D:4      | Reached skill level 1 in Conjurations
  2543 | D:4      | Reached skill level 1 in Summonings
  2543 | D:4      | Reached skill level 1 in Necromancy
  2543 | D:4      | Reached skill level 1 in Translocations
  2543 | D:4      | Reached skill level 1 in Transmutations
  2543 | D:4      | Reached skill level 1 in Fire Magic
  2543 | D:4      | Reached skill level 1 in Ice Magic
  2543 | D:4      | Reached skill level 1 in Air Magic
  2543 | D:4      | Reached skill level 1 in Earth Magic
  2543 | D:4      | Reached skill level 1 in Poison Magic
  2724 | D:1      | Bought a +0 hand axe of electrocution for 123 gold pieces
  2728 | D:1      | Identified a scroll of acquirement
  2728 | D:1      | Acquired a book of Hexes
  2954 | D:4      | Found a staircase to the Ecumenical Temple.
  3047 | D:4      | Reached XP level 5. HP: 46/47 MP: 12/12
  3053 | D:4      | Received a gift from Nemelex Xobeh
  3235 | D:4      | Received a gift from Nemelex Xobeh
  3347 | D:5      | Entered Level 5 of the Dungeon
  3407 | D:5      | Reached *** piety under Nemelex Xobeh
  3753 | D:5      | Noticed Ijyb
  3755 | D:5      | Found a glowing golden altar of the Shining One.
  3799 | D:5      | Killed Ijyb
  3916 | D:5      | Found a shimmering altar of Xom.
  3975 | D:5      | Reached XP level 6. HP: 29/53 MP: 13/13
  4197 | D:5      | Found a shimmering blue altar of Sif Muna.
  4233 | D:5      | Slain by a gnoll

Illustrated notes

Levels and vault maps discovered:
D:1:      psy_arrival_statuary, layout_rooms, serial_shops,
          nicolae_shop_window_shopping, nicolae_shop_waterfront,
          nicolae_shop_crystal, shop, ebering_ecumenical_altar_sacrificial,
          serial_bayou_ford_a, grunt_decor_cap
D:2:      layout_rooms, basic_altar, hex_intersection
D:3:      layout_loops_cross, nicolae_qazlal_scattered_showers,
          yredelemnul_forgotten_temple_becter, elyvilon_altar_4,
          serial_aquarium, aquarium_bridge_square [aquarium_subvault_window,
          aquarium_subvault_bridge, aquarium_subvault_bridge,
          aquarium_subvault_wall], aquarium_window_1, aquarium_window_1,
          aquarium_window_1, aquarium_window_fake, aquarium_view_2e,
          aquarium_view_2e, aquarium_balcony_3b, aquarium_pool_2,
          amethyst_killhole
D:4:      layout_basic, minmay_temple_entry_gardened_gates, minmay_crystal_room
D:5:      layout_layer_cave, xom_butterflies, hangedman_feature_mirror,
          uniq_ijyb

Skill      XL: |  1  2  3  4  5 |
---------------+----------------+-----
Hexes          | 2 |  2.6
Spellcasting   | 5 |  5.3
Invocations    | 1 2 |  2.1
Short Blades   | 1 |  1.9
Long Blades    | 1 |  1.9
Axes           | 1 |  1.9
Maces & Flails | 1 |  1.9
Staves         | 1 |  1.9
Slings         | 1 |  1.9
Bows           | 1 |  1.9
Crossbows      | 1 |  1.9
Throwing       | 1 |  1.9
Armour         | 1 |  1.9
Dodging        | 1 |  1.9
Unarmed Combat | 1 |  1.9
Evocations     | 1 |  1.9
Conjurations   | 1 |  1.5
Summonings     | 1 |  1.5
Necromancy     | 1 |  1.5
Translocations | 1 |  1.5
Transmutations | 1 |  1.5
Fire Magic     | 1 |  1.5
Ice Magic      | 1 |  1.5
Air Magic      | 1 |  1.5
Earth Magic    | 1 |  1.5
Poison Magic   | 1 |  1.5
Polearms       | 3 |  3.2
Shields        | 3 |  3.2
Fighting       | |  6.8
Stealth        | |  4.5

Action                   |  1- 3 |  4- 6 || total
-------------------------+-------+-------++-------
Melee: Spear             |   163 |   106 ||   269
       Bite              |    17 |    11 ||    28
       Hand axe          |       |    58 ||    58
       Unarmed           |       |    22 ||    22
Invok: Draw Destruction  |     2 |       ||     2
       Draw Summoning    |       |     1 ||     1
  Use: Scroll            |       |     9 ||     9
 Stab: Sleeping          |     5 |     4 ||     9
Armor: Robe              |    41 |    34 ||    75
       Skin              |       |     2 ||     2
Dodge: Dodged            |    67 |    72 ||   139
Block: Kite shield       |    27 |       ||    27
       Buckler           |    18 |    55 ||    73
